 Dungeon Crawl Stone Soup version 0.20.0-10-g0535bb4 (webtiles) character file.

54 Amianthus the Sneak (level 3, -2/19 HPs)
             Began as a Spriggan Abyssal Knight on June 3, 2017.
             Was a Follower of Lugonu.
             Killed from afar by a dart slug (8 damage)
             ... with a slug dart
             ... on level 2 of the Dungeon.
             The game lasted 00:03:33 (1670 turns).

Amianthus the Sneak (Spriggan Abyssal Knight)       Turns: 1670, Time: 00:03:34

Health: -2/19      AC:  2    Str:  7 (8)  XL:     3   Next: 66%
Magic:  5/5        EV: 18    Int: 11 (13) God:    Lugonu [*.....]
Gold:   157        SH:  0    Dex: 13 (16) Spells: 2/2 levels left

rFire    . . .     SeeInvis +   a - +1 short sword
rCold    . . .     Gourm    .   (shield restricted)
rNeg     . . .     Faith    .   b - +0 robe
rPois    .         Spirit   .   (helmet restricted)
rElec    .         Reflect  .   (no cloak)
rCorr    +         Harm     +   (gloves unavailable)
MR       .....                  (boots unavailable)
Stlth    +++.......             k - amulet of harm
Regen    0.1/turn               g - ring of resist corrosion
MPRegen  0.1/turn               (no ring)

@: very quick
A: unfitting armour, see invisible, herbivore 3, speed 3, slow metabolism 2
a: Depart the Abyss, Renounce Religion


You were on level 2 of the Dungeon.
You worshipped Lugonu.
Lugonu was aware of your devotion.
You were not hungry.

You visited 1 branch of the dungeon, and saw 2 of its levels.
You visited the Abyss 1 time.

You collected 157 gold pieces.

Inventory:

Hand Weapons
 a - a +1 short sword (weapon)
 l - a cursed -1 hunting sling
Armour
 b - a +0 robe (worn)
Magical Staves
 h - an uncursed staff of wizardry {unknown}
Jewellery
 g - a ring of resist corrosion (left hand)
 k - an amulet of harm (around neck)
Wands
 d - a wand of lightning (8/15)
 f - a wand of confusion (18/48)
Scrolls
 e - a scroll of enchant armour {unknown}
 i - 3 scrolls of identify {unknown}
 m - a scroll of fear {unknown}
 n - a scroll of amnesia {unknown}
 q - a scroll of blinking {unknown}
 r - a scroll of remove curse {unknown}
Potions
 o - a potion of might
 p - 2 potions of agility {unknown}
 s - a potion of resistance {unknown}
Books
 j - a book of Air

   Spells                             Type                      Level
   a - Shock                          Conjuration/Air              1
   b - Swiftness                      Charms/Air                   2
   c - Static Discharge               Conjuration/Air              3
   d - Airstrike                      Air                          4
   e - Lightning Bolt                 Conjuration/Air              5
Comestibles
 c - 2 bread rations


   Skills:
 - Level 2.4 Fighting
 - Level 2.1 Short Blades
 - Level 3.5 Dodging
 * Level 5.4 Stealth
 - Level 1.7 Invocations


You had 2 spell levels left.
You didn't know any spells.

Dungeon Overview and Level Annotations

Branches:
Dungeon (2/15)

Altars:


Innate Abilities, Weirdness & Mutations

You are very small and have problems with some larger weapons.
You are too small for most types of armour.
You have supernaturally acute eyesight. (SInv)
You are a herbivore.
You cover ground extremely quickly.
You need consume almost no food.


Message History

You hit the dart slug but do no damage.
The dart slug is moderately wounded.
The dart slug closely misses you.
You hit the dart slug but do no damage.
The dart slug is moderately wounded.
The dart slug misses you.
You hit the dart slug.
The dart slug is heavily wounded.
You hit the dart slug.
The dart slug is severely wounded.
The dart slug bites you.
You hit the dart slug.
The dart slug is almost dead.
The dart slug launches a dart at you. The slug dart hits you!
You completely miss the dart slug.
The dart slug is almost dead.
The dart slug launches a dart at you. The slug dart hits you!
You die...

#........ #......##
#......# # #.##...#
#. #.##...# #.
#.##...#
#.##########.##...##
##..w..........+...+.
#...@.....###.##...##
#.........# #......##
#......)..# #....#...
#......†)!# #....#...
#.........# #....+...
#.........# ######...
#.........# #...
#.........# #...
#.........# ####


You could see a dart slug.

Vanquished Creatures
  2 adders (D:2)
  An ooze (D:1)
  A worm (D:2)
  3 dart slugs
  2 giant cockroaches
  2 goblins (D:2)
  2 hobgoblins
  2 kobolds (D:1)
  5 bats (D:1)
  A frilled lizard (D:2)
  3 rats
24 creatures vanquished.

Notes
Turn   | Place    | Note
-------+----------+-------------------------------------------
     0 | Abyss:1  | Amianthus the Spriggan Abyssal Knight began the quest for the Orb.
     0 | Abyss:1  | Reached XP level 1. HP: 11/11 MP: 3/3
    98 | Abyss:2  | Noticed a thrashing horror
   121 | Abyss:2  | Noticed a quasit
   123 | Abyss:2  | Noticed a thrashing horror
   130 | Abyss:3  | Noticed a large abomination
   144 | Abyss:4  | Noticed a flayed ghost
   156 | Abyss:4  | Noticed a starcursed mass
   162 | Abyss:5  | Entered Level 5 of the Abyss
   182 | Abyss:5  | Noticed a raiju
   182 | Abyss:5  | Noticed a raiju
   183 | Abyss:5  | Noticed a worldbinder
   186 | D:1      | Escaped the Abyss
   214 | D:1      | Reached skill level 1 in Stealth
   264 | D:1      | Reached skill level 2 in Stealth
   280 | D:1      | Reached XP level 2. HP: 16/16 MP: 4/4
   283 | D:1      | Reached skill level 3 in Stealth
   497 | D:1      | Reached * piety under Lugonu
   919 | D:1      | Reached skill level 4 in Stealth
  1182 | D:2      | Reached XP level 3. HP: 19/19 MP: 5/5
  1409 | D:2      | Reached skill level 5 in Stealth
  1670 | D:2      | Killed from afar by a dart slug

Skill      XL: |  1  2  3 |
---------------+----------+-----
Stealth        | 2 4 5 |  5.4
Fighting       | |  2.4
Short Blades   | |  2.1
Dodging        | |  3.5
Invocations    | |  1.7

Action                   || total
-------------------------++-------
Melee: Short sword       ||   100
Invok: Depart the Abyss  ||     1
  Use: Potion            ||     3
 Stab: Sleeping          ||     3
Armor: Robe              ||    11
Dodge: Dodged            ||    82
